 Dungeon Crawl Stone Soup version 0.27-a0-604-g29a88b33a7 (webtiles) character file.

Game seed: 1401782953498463849

359 jasper the Sneak (level 6, -4/28 HPs)
             Began as a Spriggan Enchanter on Mar 12, 2021.
             Slain by a gnoll sergeant
             ... wielding a +0 trident
              (11 damage)
             ... on level 6 of the Dungeon.
             The game lasted 00:09:46 (6360 turns).

jasper the Sneak (Spriggan Enchanter)               Turns: 6360, Time: 00:09:47

Health: -4/28      AC:  2    Str:  4    XL:     6   Next: 37%
Magic:  6/11       EV: 18    Int: 19    God:
Gold:   234        SH:  0    Dex: 15    Spells: 2/11 levels left

rFire    . . .     SeeInvis +   v - +0 dagger (freeze)
rCold    . . .     Faith    .   (shield restricted)
rNeg     . . .     Spirit   .   b - +0 robe
rPois    .         Reflect  .   (helmet restricted)
rElec    .         Harm     .   (no cloak)
rCorr    +         Rampage  .   (gloves unavailable)
Will     +....                  (boots unavailable)
Stlth    ++++......             (no amulet)
HPRegen  0.09/turn              l - ring of resist corrosion
MPRegen  0.12/turn              (no ring)

@: very quick
A: very small, unfitting armour, see invisible, speed 3
a: no special abilities


You were on level 6 of the Dungeon.
You visited 1 branch of the dungeon, and saw 6 of its levels.

You collected 234 gold pieces.

Inventory:

Hand Weapons
 a - a +1 dagger
 h - a +0 hunting sling
 u - a +0 rapier
 v - a +0 dagger of freezing (weapon)
 x - a +1 dagger of speed
Missiles
 d - 174 stones
 f - 49 sling bullets
 i - 51 bolts
 s - 12 poisoned darts
Armour
 b - a +0 robe (worn)
Magical Staves
 m - a staff of earth
Jewellery
 l - a ring of resist corrosion (right hand)
Wands
 q - a wand of flame (12)
Scrolls
 j - a scroll of noise
 k - 2 scrolls of magic mapping
 n - 2 scrolls of enchant weapon
 o - 4 scrolls of teleportation
 p - a scroll of amnesia {unknown}
 t - a scroll of blinking {unknown}
Potions
 c - 2 potions of haste
 e - 2 potions of resistance
 g - 2 potions of curing
 r - a potion of brilliance
 w - a potion of mutation {unknown}
 z - a potion of lignification {unknown}


   Skills:
 - Level 1.1 Short Blades
 + Level 4.6 Dodging
 * Level 7.8 Stealth
 - Level 3.0 Spellcasting
 * Level 6.1 Hexes


You had 2 spell levels left.
You knew the following spells:

 Your Spells              Type           Power      Damage    Failure   Level
a - Corona                Hex            28%        N/A       1%          1
b - Ensorcelled Hibernat  Hex/Ice        28%        N/A       7%          2
c - Confusing Touch       Hex            26%        N/A       3%          3
d - Tukima's Dance        Hex            26%        N/A       3%          3

Your spell library contained the following spells:

 Spells                   Type           Power      Damage    Failure   Level
 Dazzling Flash           Conj/Hex       28%        N/A       13%         3


Dungeon Overview and Level Annotations

Branches:
Dungeon (6/15)             Temple (0/1) D:4

Altars:
Elyvilon
Nemelex Xobeh

Shops:
D:6 (

Annotations:
D:3 1 runed translucent door, Crimsoncloak's ghost, amateur OpFE
D:6 Eustachio


Innate Abilities, Weirdness & Mutations

You are very small and have problems with some larger weapons.
You are too small for most types of armour.
You have supernaturally acute eyesight. (SInv)
You cover ground extremely quickly. (Speed+++)


Message History

You impale the hound!! You freeze the hound.
You kill the hound!
Your magical contamination has completely faded away.
Magic restored.
z - a pink potion MP restored: 11 You now have 234 gold pieces (gained 12).
Eustachio the Magnificent comes into view.
He is wielding a +1 rapier of freezing.
Eustachio is nearby!
Found a tapered glass wand.
Found a runed demon blade.
A gnoll sergeant and a centaur come into view.
The gnoll sergeant shouts!
A gnoll sergeant, an orc warrior and 2 wights come into view.
The orc warrior moves out of view.
The wight moves out of view.
Casting: Ensorcelled Hibernation (safe; 7% risk of failure)
Confirm with . or Enter, or press ? or * to list all spells.
Aiming: Ensorcelled Hibernation (safe; 7% risk of failure)
Press: ? - help, Shift-Dir - straight line, f - Eustachio
Aim: Eustachio, wielding a +1 rapier of freezing and wearing a +0 leather armour (wandering, hasn't noticed you, chance to affect: 45%) Eustachio shouts!
Eustachio looks drowsy...
The gnoll sergeant shouts!
The centaur shouts!
You hear a shout!
The centaur wields a +0 shortbow.
The centaur shoots an arrow.
The arrow hits you!
Ouch! That really hurt!
You take 14 damage, and have 14/28 hp.
MASSIVE DAMAGE!!
You now have 9/11 mp.
Eustachio shouts!
Casting: Ensorcelled Hibernation (safe; 7% risk of failure)
Confirm with . or Enter, or press ? or * to list all spells.
Your hands begin to glow red.
Eustachio barely misses you.
You now have 6/11 mp.
You hit the centaur but do no damage.
The centaur appears confused.
The gnoll sergeant hits you from afar with a +0 trident!
* * * LOW HITPOINT WARNING * * *
Eustachio barely misses you. The gnoll sergeant misses you.
The centaur unwields a +0 shortbow.
The centaur closely misses you.
You take 7 damage, and have 7/28 hp.
MASSIVE DAMAGE!!
The gnoll sergeant hits you from afar with a +0 trident!
You die...

##......................
#.∩.∩..................>
#....................... #
##∩.∩..................# #.
#..###.##.............#
..##.## ###...............
. ..... ####.......##....#.
.. ##..##.#........###..###
...#....@.@.......####.##
#.......z.....>.###.#..#
......gzg..............#.##
.................†.........
..###.c###.................
..#)#.. ##.............##.
..###.. ##..............#
....... #...............#
....... #.................#


You could see Eustachio, 2 gnoll sergeants, a centaur (confused) and 2 wights.

Vanquished Creatures
  A hound (D:6)
  A centaur skeleton (D:4)
  Robin (D:4)
  4 adders
  3 gnolls (D:2)
  2 worms (D:2)
  3 dart slugs
  4 leopard geckos
  5 orcs
  A ball python (D:1)
  4 giant cockroaches
  14 goblins
  8 hobgoblins
  7 jackals
  11 kobolds
  4 quokkas
  8 bats
  6 frilled lizards
  6 rats
93 creatures vanquished.

Vanquished Creatures (collateral kills)
  Edmund (D:4)
  A goblin (D:4)
2 creatures vanquished.

Grand Total: 95 creatures vanquished

Notes
Turn   | Place    | Note
-------+----------+-------------------------------------------
     0 | D:1      | jasper the Spriggan Enchanter began the quest for the Orb.
     0 | D:1      | Reached XP level 1. HP: 9/9 MP: 5/5
   362 | D:1      | Reached XP level 2. HP: 12/13 MP: 6/6
   365 | D:1      | Learned a level 2 spell: Ensorcelled Hibernation
   579 | D:1      | Reached skill level 5 in Stealth
  1351 | D:1      | Reached XP level 3. HP: 14/16 MP: 5/8
  1394 | D:1      | Learned a level 3 spell: Confusing Touch
  1633 | D:2      | Reached XP level 4. HP: 21/21 MP: 9/9
  1637 | D:2      | Learned a level 3 spell: Tukima's Dance
  1795 | D:2      | Reached skill level 6 in Stealth
  3005 | D:2      | HP: 1/21 [goblin/stone (6)]
  3494 | D:2      | You fall into a shaft and drop 1 floor!
  3588 | D:3      | Noticed Crimsoncloak's ghost (amateur OpFE)
  3604 | D:3      | Found a runed translucent door.
  3651 | D:3      | Reached skill level 5 in Hexes
  3823 | D:2      | Found a sparkling altar of Nemelex Xobeh.
  4302 | D:3      | Reached XP level 5. HP: 19/24 MP: 3/10
  5013 | D:4      | Noticed Edmund
  5018 | D:4      | Noticed Robin
  5028 | D:4      | Killed Edmund
  5029 | D:4      | Reached skill level 7 in Stealth
  5029 | D:4      | Reached XP level 6. HP: 12/28 MP: 3/11
  5243 | D:4      | Found a staircase to the Ecumenical Temple.
  5601 | D:4      | Killed Robin
  5681 | D:5      | Entered Level 5 of the Dungeon
  6248 | D:6      | Found Neliulus's Weapon Shop.
  6273 | D:6      | Found a white marble altar of Elyvilon.
  6340 | D:6      | Noticed Eustachio
  6352 | D:6      | Noticed an orc warrior
  6360 | D:6      | Slain by a gnoll sergeant

Illustrated notes

Levels and vault maps discovered:
D:1:      matt_arrival_diagonals, layout_loops_ring
D:2:      layout_basic, nemelex_altar_shiori
D:3:      layout_loops_ring, hellmonk_ghost_happy_afterlife
D:4:      layout_basic, minmay_temple_entry_butterflies, uniq_edmund,
          uniq_robin, uniq_grinder
D:5:      minmay_polygon_palace, layout_layer_cave, basic_altar
D:6:      lemuel_insect_pit, layout_cave_pools, overflow_temple_1_default,
          lemuel_round_altar, serial_shops,
          nicolae_shop_competitors_out_of_business, sword_in_stone

Skill      XL: |  1  2  3  4  5  6 |
---------------+-------------------+-----
Dodging        | 3 4 |  4.6
Stealth        | 5 6 7 |  7.8
Hexes          | 4 5 6 |  6.1
Spellcasting   | 3 |  3.0
Short Blades   | |  1.1

Action                   |  1- 3 |  4- 6 || total
-------------------------+-------+-------++-------
Melee: Dagger            |    90 |   132 ||   222
 Cast: Corona            |     3 |       ||     3
       Ensorcelled Hiber |    22 |    75 ||    97
       Confusing Touch   |     2 |     8 ||    10
       Tukima's Dance    |       |     2 ||     2
Evoke: Wand              |       |     7 ||     7
  Use: Scroll            |     2 |     7 ||     9
       Potion            |       |     1 ||     1
 Stab: Sleeping          |    20 |    50 ||    70
       Confused          |     2 |     1 ||     3
       Invisible         |       |     1 ||     1
Armor: Robe              |    11 |    10 ||    21
Dodge: Dodged            |    70 |   140 ||   210

Table legend: (Time is in decaauts)
 A = Elapsed time spent in this place.
 B = Non-inter-level travel time spent in this place.
 C = Inter-level travel time spent in this place.
 D = Time resting spent in this place.
 E = Time spent auto-exploring this place.
 F = Levels seen in this place.
 G = Mean time per level.
                   A        B        C        D        E       F      G
               +--------+--------+--------+--------+--------+-----+--------+
         Total |   5204 |   5092 |    112 |   1755 |   2422 |   6 |  867.3 |
       Dungeon |   5204 |   5092 |    112 |   1755 |   2422 |   6 |  867.3 |
               +--------+--------+--------+--------+--------+-----+--------+

Top non-repeatable levels by time:
     D:1: 1707 daAuts
     D:2: 1562 daAuts
     D:3: 954 daAuts
     D:4: 367 daAuts
     D:5: 322 daAuts
     D:6: 290 daAuts
